Map: 라이트쉐이드 - 래더

Players

INnoVation - Winner!

  • Race: Terran Terran
  • League: Grandmaster
  • Spawn Location: 5:00

Solar

  • Race: Zerg Zerg
  • League: Master
  • Spawn Location: 11:00

Event: StayAtHome Story Cup #3

VOD

https://youtu.be/L7ftxQyulfo

Description

Time

  • Played on: March 11, 2021, 10:51 a.m.
  • Length: 35:35

All games in this series

Show
View Real Time Build Order
Export as new Build Order

INnoVation Terran - Winner!

Build Orders: 2 Factory, Reaper Expand 

Get SALT Encoding   

  12  0:00  SCV  
  13  0:12  SCV  
  14  0:17  Supply Depot  
  14  0:24  SCV  
  15  0:39  SCV  
  15  0:40  Barracks  
  16  0:44  Refinery  
  16  0:51  SCV  
  17  1:03  SCV  
  18  1:15  SCV  
  19  1:27  Reaper, Orbital Command  
  20  1:40  Command Center  
  20  1:49  Supply Depot  
  20  1:53  SCV  
  21  1:59  Marine  
  22  2:05  SCV  
  23  2:13  Factory  
  23  2:17  SCV  
  23  2:21  Barracks Reactor  
  24  2:29  SCV  
  25  2:38  Command Center  
  25  2:41  SCV  
  26  2:52  Orbital Command  
  26  2:54  SCV  
  27  3:00  Factory  
  27  3:03  Refinery  
  27  3:06  SCV  
  27  3:10  Marine  
  29  3:14  Hellion  
  29  3:17  Hellion  
  29  3:19  SCV  
  34  3:20  SCV  
  35  3:28  Barracks Tech Lab  
  35  3:31  SCV  
  35  3:32  SCV  
  37  3:37  Hellion  
  37  3:38  Hellion  
  41  3:43  SCV  
  41  3:44  SCV  
  41  3:48  Infernal Pre-Igniter  
  43  3:49  Hellion  
  43  3:52  Orbital Command  
  43  3:53  Barracks Tech Lab  
  45  3:57  SCV x2  
  45  4:01  Hellion  
  51  4:03  Hellion  
  51  4:07  Supply Depot  
  51  4:13  Hellion  
  51  4:16  SCV x2  
  54  4:19  Marine  
  54  4:20  Stimpack  
  55  4:26  Hellion, Supply Depot  
  55  4:27  Hellion  
  59  4:31  SCV  
  59  4:32  SCV x2  
  59  4:37  Hellion  
  64  4:44  SCV x2  
  64  4:45  SCV  
  67  4:50  Supply Depot  
  67  4:56  Orbital Command  
  67  4:57  SCV  
  67  4:58  SCV, Siege Tank  
  67  4:59  Barracks  
  72  5:01  Refinery, Barracks  
  72  5:03  Refinery  
  72  5:11  SCV x2, Engineering Bay  
  72  5:12  Engineering Bay  
  72  5:17  Marine  
  73  5:23  SCV x2  
  73  5:24  Supply Depot  
  73  5:25  Factory Tech Lab  
  75  5:33  SCV  
  68  5:35  SCV, Siege Tank  
  68  5:36  SCV, Marine  
  64  5:46  SCV  
  64  5:47  Terran Infantry Weapons Level 1  
  64  5:48  Barracks Reactor, SCV x2, Terran Infantry Armor Level 1  
  64  5:49  Barracks Reactor, Siege Tank  
  68  5:52  Supply Depot  
  68  5:56  Marine  
  69  6:01  Barracks  
  69  6:03  Barracks  
  69  6:05  Combat Shield  
  69  6:07  SCV  
  69  6:08  SCV  
  71  6:17  Bunker  
  71  6:21  Marine  
  71  6:23  Siege Tank x2  
  78  6:28  Bunker  
  78  6:31  Bunker, Marine x4  
  82  6:50  Starport, Supply Depot  
  82  6:51  Barracks Reactor, Supply Depot  
  82  6:53  Barracks Reactor, Supply Depot  
  82  6:54  Supply Depot  
  81  6:58  Starport  
  78  7:12  SCV x2, Siege Tank  
  78  7:13  Siege Tank  
  86  7:16  Marine x5  
  91  7:24  SCV x2  
  91  7:26  Supply Depot  
  91  7:27  Marine  
  91  7:28  Marine  
  95  7:30  Marine x2  
  95  7:38  Medivac x2  
  95  7:41  Marine x3  
  95  7:44  Marine  
  103  8:05  SCV x2, Marine x6  
  106  8:10  Armory, Supply Depot  
  106  8:11  Supply Depot x2  
  115  8:18  SCV x2  
  117  8:31  Siege Tank  
  117  8:33  Orbital Command, Medivac x2  
  115  8:34  SCV x2  
  115  8:37  Missile Turret  
  115  8:40  Siege Tank  
  115  8:41  Marine x5  
  118  8:50  SCV  
  118  8:51  SCV  
  118  9:01  Terran Infantry Armor Level 2, Terran Infantry Weapons Level 2  
  118  9:03  Siege Tank  
  118  9:05  SCV  
  118  9:06  SCV  
  118  9:07  SCV  
  124  9:14  Refinery x2  
  124  9:17  Siege Tank  
  124  9:21  Marine x7  
  134  9:28  Medivac  
  134  9:29  Marine x2  
  138  9:34  Medivac  
  138  9:35  Supply Depot  
  140  9:38  Marine  
  141  9:49  Command Center  
  141  9:50  SCV  
  141  9:56  Marine  
  141  9:57  SCV x2, Siege Tank  
  141  9:58  Marine x2  
  149  10:03  Supply Depot  
  149  10:04  Supply Depot  
  149  10:06  Terran Vehicle Weapons Level 1  
  149  10:10  Barracks  
  149  10:12  Barracks  
  149  10:15  Barracks  
  149  10:20  Marine  
  149  10:21  SCV x3, Marauder, Medivac, Siege Tank  
  147  10:24  Sensor Tower, Missile Turret  
  141  10:29  Siege Tank  
  141  10:33  SCV x3, Marine x7  
  154  10:38  Marine  
  154  10:40  Supply Depot  
  154  10:42  Supply Depot  
  157  10:43  Marauder  
  157  10:51  Marine  
  157  10:53  SCV  
  157  10:54  SCV x2  
  160  11:09  Barracks Tech Lab x3, Marauder  
  162  11:13  Ghost Academy  
  162  11:15  SCV x2  
  162  11:16  SCV  
  165  11:21  Terran Infantry Weapons Level 3, Terran Infantry Armor Level 3  
  165  11:28  Missile Turret  
  165  11:29  Refinery, Planetary Fortress  
  165  11:30  Marauder, Missile Turret  
  167  11:33  Refinery  
  167  11:37  Sensor Tower  
  167  11:40  Missile Turret  
  167  11:44  Ghost x2  
  167  11:46  Ghost  
  173  11:52  Ghost  
  175  12:00  Marine x3  
  175  12:01  Marine x5  
  179  12:05  Terran Vehicle Weapons Level 2  
  183  12:12  Ghost x2  
  183  12:14  Ghost  
  189  12:21  Ghost  
  191  12:30  Command Center  
  191  12:41  Personal Cloaking, Supply Depot  
  191  12:52  Ghost x3  
  191  12:53  Ghost  
  189  12:58  Marine  
  189  12:59  Marine x6  
  189  13:02  Marine  
  197  13:10  Command Center  
  195  13:23  Ghost x2  
  199  13:29  Command Center  
  199  13:39  Missile Turret  
  184  13:50  Ghost x2  
  184  13:51  Marine x4  
  184  13:52  Marine x3  
  195  13:56  Siege Tank  
  195  14:02  Missile Turret  
  198  14:03  Sensor Tower  
  198  14:09  Ghost  
  198  14:11  Enhanced Shockwaves, Missile Turret  
  199  14:33  Orbital Command  
  195  14:42  Ghost x3  
  195  14:45  Orbital Command, Medivac  
  199  14:54  Planetary Fortress  
  199  14:55  Missile Turret x2  
  199  14:57  Missile Turret  
  199  15:02  Command Center  
  199  15:21  Ghost x2  
  199  15:50  Terran Ship Weapons Level 1  
  199  15:51  Neosteel Armor  
  199  15:52  Hi-Sec Auto Tracking, Nuke  
  199  16:01  Refinery x2  
  199  16:03  Command Center x2  
  199  16:09  Marine  
  200  16:38  Ghost Academy  
  190  16:52  Medivac  
  190  16:53  Medivac  
  175  16:58  Marauder x2  
  175  16:59  Marauder x2, Marine, Siege Tank x2  
  175  17:00  Marine x6  
  189  17:10  Nuke x2  
  188  17:17  Marine  
  188  17:20  Marauder x4  
  188  17:22  Orbital Command x2  
  200  17:27  Medivac  
  200  17:28  Medivac  
  200  17:44  Terran Vehicle Weapons Level 3  
  200  18:02  Command Center  
  200  18:13  Nuke  
  196  18:24  Command Center  
  194  18:33  Marauder x2, Ghost  
  200  18:46  Missile Turret  
  200  18:47  Missile Turret  
  200  18:51  Nuke  
  195  18:59  Nuke  
  195  19:01  Ghost x2  
  196  19:15  Medivac  
  196  19:16  Medivac  
  190  19:18  Marauder x2, Marine x3  
  190  19:19  Marine x3  
  199  19:47  Nuke  
  189  20:04  Ghost x4  
  189  20:06  Marine x2  
  189  20:07  Marine x5  
  196  20:17  Medivac x2  
  192  20:32  Ghost  
  194  20:38  Ghost x3  
  200  20:44  Planetary Fortress  
  200  20:46  Marine x2  
  190  21:08  Ghost x3, Medivac x2  
  200  21:25  Refinery  
  200  21:26  Refinery  
  191  22:01  Ghost  
  191  22:02  Marauder, Marine  
  191  22:03  Marauder x2  
  190  22:45  Ghost x4  
  190  22:47  Marine  
  190  22:48  Marine  
  175  23:09  Marine x6  
  175  23:10  Medivac x2  
  175  23:12  Marine x2  
  187  23:13  Ghost  
  187  23:14  Ghost x2  
  187  23:15  Marauder  
  195  23:26  Marine x2  
  191  23:34  Marine x2  
  191  23:35  Ghost  
  191  23:40  Medivac x2  
  199  23:48  Command Center  
  199  23:50  Command Center  
  177  24:11  Ghost x2  
  177  24:12  Marauder x2, Marine x2  
  177  24:15  Marine x4  
  177  24:16  Marine x2  
  160  24:31  Marine  
  160  24:32  Marine, Medivac x2  
  160  24:33  Marine x2  
  160  24:34  Marauder x2  
  168  24:41  Marauder x2, Marine  
  168  24:42  Marine x3  
  170  24:46  Thor x2  
  170  24:49  Marine x2  
  170  24:51  Marine x2  
  185  24:55  Marauder x2  
  189  25:01  Ghost  
  189  25:02  Marauder  
  193  25:08  Orbital Command  
  193  25:09  Orbital Command  
  193  25:16  Marauder  
  193  25:17  Marauder  
  193  25:19  Marine x3  
  198  25:39  Medivac x2  
  192  25:49  Ghost x2  
  171  25:50  Ghost x2  
  171  25:51  Marine x8  
  184  26:07  Nuke x2  
  184  26:09  Marine x8  
  192  26:18  Ghost x4  
  188  26:41  Marine  
  188  26:42  Marine x4  
  188  26:43  Marine x3  
  181  26:47  Marauder x3  
  181  26:48  Marauder  
  183  27:08  Nuke  
  182  27:42  Marauder x2, Marine x8  
  182  27:43  Marine x2  
  185  27:55  Medivac x2  
  189  28:00  Marine x6  
  189  28:01  Marauder x2  
  193  28:49  Marine x7  
  200  29:16  Nuke x2  
  200  29:20  Marine, Ghost x3  
  200  29:21  Marine x5  
  192  29:58  Marine, Ghost x3  
  192  29:59  Marine x3  
  189  30:24  Ghost  
  189  30:25  Marine x3  
  189  30:26  Ghost x3, Marine x5  
  193  30:36  Medivac x2  
  197  30:43  Marine x3  
  197  30:49  Command Center  
  196  31:05  Command Center  
  186  31:17  Medivac  
  186  31:18  Ghost x3, Medivac  
  179  31:19  Marine x9  
  179  31:20  Thor  
  199  31:36  Marine  
  200  31:47  Marine x3  
  142  31:59  Medivac x2  
  123  32:02  Ghost  
  123  32:03  Marine x3  
  123  32:04  Marine x6  
  123  32:05  Marine x2, Thor x2  
  102  32:21  Marine x6  
  102  32:22  Ghost x3, Marine  
  101  32:24  Marine  
  101  32:29  Medivac x2  
  102  32:31  Ghost  
  101  32:39  Marine x6  
  101  32:41  Marine x2  
  108  32:48  Thor x2  
  108  32:49  Nuke  
  108  32:50  Ghost  
  108  32:51  Ghost x2  
  109  32:57  Marine x5  
  119  32:59  Medivac x2  
  119  33:00  Ghost  
  119  33:01  Marine  
  119  33:02  Marine x2  
  123  33:13  Orbital Command  
  123  33:14  Marine  
  123  33:15  Marine x4  
  123  33:19  Marine x2, Ghost x3  
  129  33:29  Medivac x2  
  129  33:30  Ghost  
  129  33:31  Marine  
  129  33:32  Orbital Command, Marine  
  129  33:33  Marine x4  
  141  33:37  Marine x2  
  143  33:48  Ghost x3  
  145  33:51  Marine x4  
  153  34:00  Marauder  
  157  34:17  Marauder x2  
  159  34:28  Marauder x2, Marine  
  164  34:35  Marine  
  165  34:42  Marine  
  165  34:45  Orbital Command  
Show
View Real Time Build Order
Export as new Build Order

Solar Zerg 

Build Orders: Hatch First, Lurkers 

Get SALT Encoding   

  12  0:00  Drone  
  13  0:12  Overlord  
  13  0:16  Drone  
  14  0:31  Drone x2  
  16  0:47  Hatchery  
  15  0:53  Drone  
  15  0:55  Drone  
  17  0:58  Drone  
  18  1:12  Spawning Pool  
  18  1:14  Drone  
  18  1:18  Drone  
  19  1:28  Drone, Extractor  
  20  1:40  Drone  
  20  1:51  Drone  
  21  1:59  Queen  
  21  2:00  Queen, Zergling x4  
  27  2:10  Overlord  
  27  2:11  Drone  
  28  2:27  Hatchery, Drone  
  28  2:30  Drone  
  29  2:39  Queen  
  29  2:42  Drone  
  32  2:45  Metabolic Boost  
  32  2:51  Overlord  
  32  2:54  Drone  
  32  2:57  Drone  
  34  3:00  Drone  
  34  3:01  Drone  
  36  3:10  Drone x4  
  40  3:13  Drone  
  40  3:19  Queen  
  43  3:23  Pneumatized Carapace  
  43  3:27  Overlord  
  43  3:29  Drone  
  43  3:32  Overlord  
  44  3:40  Queen  
  44  3:41  Drone  
  47  3:42  Drone  
  47  3:43  Drone  
  47  3:44  Zergling x2  
  47  3:46  Drone  
  47  3:48  Drone  
  52  3:51  Drone  
  52  3:52  Drone  
  52  3:53  Zergling x2  
  55  3:57  Queen  
  55  4:00  Overlord  
  57  4:04  Drone x2  
  57  4:05  Zergling x2  
  57  4:07  Drone  
  61  4:10  Drone  
  61  4:11  Drone x2  
  61  4:15  Drone  
  65  4:19  Roach Warren, Zergling x2  
  65  4:22  Extractor  
  65  4:23  Lair  
  65  4:24  Extractor  
  63  4:29  Drone x2, Evolution Chamber  
  64  4:32  Evolution Chamber  
  64  4:34  Zergling x4  
  64  4:35  Evolution Chamber  
  66  4:38  Drone x2  
  66  4:40  Drone  
  66  4:45  Overlord  
  68  4:46  Drone  
  68  4:47  Drone  
  68  4:52  Extractor  
  69  4:54  Drone x4  
  69  4:58  Overlord  
  73  5:01  Drone  
  73  5:04  Roach x3  
  73  5:05  Roach  
  82  5:13  Overlord  
  82  5:14  Spore Crawler x2  
  81  5:15  Roach  
  81  5:17  Drone  
  81  5:19  Roach  
  85  5:21  Overseer  
  85  5:26  Roach  
  85  5:27  Overlord x2  
  85  5:28  Overlord  
  89  5:33  Zergling x8  
  81  5:36  Zergling x4  
  73  5:43  Zergling x4  
  73  5:49  Zergling x2  
  75  5:50  Ravager, Zergling x2  
  75  5:51  Ravager x2  
  75  5:56  Zergling x8  
  83  6:05  Zergling x6  
  83  6:06  Queen  
  83  6:08  Ravager  
  83  6:09  Drone  
  90  6:12  Zergling x2  
  90  6:17  Drone  
  92  6:21  Drone  
  92  6:22  Drone  
  94  6:26  Drone  
  94  6:30  Overlord  
  93  6:33  Drone  
  93  6:36  Drone x4  
  93  6:37  Drone x2  
  93  6:38  Drone  
  98  6:43  Ravager  
  98  6:45  Drone  
  98  6:47  Drone  
  99  6:48  Drone  
  99  6:53  Glial Reconstitution  
  100  6:56  Drone  
  100  6:59  Drone x2  
  100  7:01  Drone x3  
  105  7:02  Zerg Missile Weapons Level 1, Zerg Ground Armor Level 1  
  105  7:03  Extractor  
  105  7:04  Extractor  
  105  7:08  Drone x5  
  106  7:10  Overlord  
  109  7:18  Drone  
  109  7:19  Drone  
  111  7:23  Infestation Pit  
  111  7:25  Drone  
  111  7:26  Drone  
  111  7:28  Drone  
  113  7:33  Roach x4  
  113  7:36  Hatchery  
  113  7:37  Drone  
  121  7:39  Drone, Hydralisk Den  
  121  7:43  Overlord  
  121  7:45  Roach x2  
  121  7:46  Roach  
  121  7:49  Overlord  
  127  7:52  Roach x2  
  131  8:00  Overlord  
  131  8:03  Hive  
  131  8:06  Roach  
  131  8:07  Roach x3  
  131  8:10  Drone x3  
  142  8:14  Lurker Den  
  142  8:15  Drone  
  142  8:17  Overlord  
  142  8:18  Extractor, Spore Crawler  
  140  8:22  Extractor  
  140  8:26  Overlord  
  139  8:27  Drone  
  132  8:40  Roach x3  
  134  8:45  Drone  
  134  8:47  Drone, Queen  
  138  8:49  Hydralisk  
  138  8:50  Hydralisk x4  
  144  8:57  Overlord  
  144  9:02  Zerg Ground Armor Level 2, Zerg Missile Weapons Level 2  
  143  9:06  Roach x2  
  143  9:07  Drone x2  
  143  9:08  Zergling x8  
  153  9:11  Drone  
  153  9:16  Seismic Spines  
  153  9:17  Viper x2  
  154  9:18  Drone x2  
  154  9:22  Overlord  
  154  9:23  Overlord  
  162  9:31  Lurker  
  163  9:32  Lurker  
  163  9:34  Lurker x2  
  167  9:38  Lurker  
  167  9:41  Hatchery  
  166  9:46  Drone x2  
  166  9:49  Drone  
  166  9:50  Spore Crawler  
  166  9:51  Hydralisk x3  
  169  9:53  Grooved Spines  
  169  9:58  Overlord x2  
  169  10:05  Drone  
  169  10:06  Hydralisk x3  
  176  10:08  Zergling x6  
  176  10:13  Drone, Adaptive Talons  
  180  10:21  Hatchery  
  180  10:23  Lurker x3  
  180  10:25  Hydralisk x4  
  189  10:29  Zergling x6  
  189  10:32  Drone x3  
  189  10:34  Drone  
  196  10:40  Extractor, Lurker x3  
  196  10:41  Zergling x4  
  200  10:43  Extractor  
  199  11:04  Muscular Augments  
  198  11:20  Zerg Missile Weapons Level 3  
  198  11:21  Zerg Ground Armor Level 3  
  198  11:25  Drone x4  
  199  11:28  Adrenal Glands  
  199  11:31  Evolution Chamber  
  199  11:32  Drone  
  199  11:34  Spore Crawler  
  199  11:36  Drone  
  199  11:44  Overseer x2  
  199  11:46  Hatchery  
  198  11:48  Spine Crawler  
  198  11:50  Spore Crawler  
  198  11:52  Spore Crawler  
  195  12:02  Hydralisk x2  
  199  12:09  Zerg Melee Weapons Level 1  
  199  12:21  Spire  
  199  12:22  Drone  
  199  12:38  Overseer x3  
  199  12:39  Overlord x3  
  199  12:51  Hydralisk x4  
  189  13:00  Zergling x4  
  189  13:01  Zergling x6  
  189  13:02  Hydralisk x2  
  189  13:03  Hydralisk  
  196  13:25  Lurker x2  
  198  13:31  Drone x2  
  200  13:40  Hydralisk x4  
  200  13:41  Hydralisk  
  190  13:48  Zergling x14  
  190  13:49  Zergling x8  
  200  14:05  Zerg Flyer Weapons Level 1  
  200  14:07  Spire  
  200  14:08  Drone  
  200  14:20  Drone x7  
  199  14:29  Hydralisk x4  
  199  14:30  Zergling x8  
  199  14:31  Zergling x20  
  199  14:32  Extractor x2  
  197  14:38  Zergling x10  
  197  14:39  Zergling x2  
  197  14:41  Overlord  
  197  14:42  Overlord  
  197  14:44  Overseer  
  197  14:45  Zergling x6, Zerg Melee Weapons Level 2  
  187  14:46  Zergling x18, Overseer x3  
  199  15:02  Baneling Nest  
  199  15:05  Drone  
  199  15:10  Hatchery  
  199  15:12  Pathogen Glands  
  199  15:14  Drone  
  199  15:18  Drone x2  
  200  15:25  Greater Spire  
  200  15:28  Spore Crawler  
  199  15:33  Zergling x2  
  195  15:45  Zergling x10  
  195  15:48  Centrifical Hooks  
  200  16:06  Zerg Flyer Armor Level 1  
  200  16:13  Hatchery  
  200  16:16  Baneling x13  
  200  16:17  Baneling x3  
  200  16:18  Zergling x2  
  200  16:20  Burrow  
  200  16:27  Baneling x2  
  200  16:28  Baneling x2  
  200  16:44  Extractor  
  199  16:48  Extractor, Spore Crawler  
  199  16:50  Zergling x8  
  199  16:51  Zergling x30  
  198  16:59  Lurker x2  
  199  17:03  Baneling x2  
  199  17:05  Zerg Flyer Weapons Level 2  
  199  17:09  Overseer x2  
  199  17:18  Spore Crawler  
  198  17:22  Zerg Melee Weapons Level 3  
  198  17:24  Drone  
  199  17:31  Spore Crawler  
  199  17:32  Drone, Spore Crawler  
  199  17:35  Drone  
  193  17:58  Zergling x2  
  193  17:59  Zergling x12  
  200  18:11  Drone  
  180  18:27  Zerg Flyer Armor Level 2  
  180  18:32  Zergling x28  
  189  18:34  Zergling x18  
  189  18:35  Zergling x4  
  200  18:42  Neural Parasite  
  200  18:48  Spore Crawler  
  200  18:49  Spore Crawler  
  200  18:55  Corruptor x8  
  182  18:57  Overlord  
  182  18:59  Spore Crawler  
  182  19:00  Spore Crawler x2  
  191  19:08  Corruptor x3  
  175  19:19  Corruptor  
  175  19:20  Corruptor  
  177  19:27  Overseer x3  
  176  19:35  Brood Lord x5  
  176  19:36  Brood Lord x3  
  191  19:39  Roach  
  191  19:52  Brood Lord x4  
  191  20:00  Hatchery  
  191  20:03  Corruptor x4  
  195  20:18  Infestor x2  
  199  20:31  Infestor x2  
  199  20:33  Infestor  
  198  20:45  Baneling x3  
  194  20:58  Corruptor  
  194  20:59  Corruptor x8  
  188  21:11  Infestor x3  
  176  21:12  Brood Lord  
  176  21:13  Brood Lord x4  
  176  21:14  Corruptor x3  
  198  21:35  Spine Crawler x2  
  198  21:37  Brood Lord x2  
  198  21:58  Zergling x2  
  198  21:59  Zergling x6  
  194  22:03  Zergling x12  
  194  22:07  Zergling x6  
  200  22:10  Zergling x4  
  200  22:11  Zergling x12  
  200  22:14  Drone x16  
  196  22:17  Zergling x6  
  196  22:18  Zergling x2  
  200  22:24  Overlord  
  200  22:29  Hatchery  
  199  22:37  Zerg Flyer Armor Level 3, Zerg Flyer Weapons Level 3  
  199  22:48  Baneling x7  
  199  22:49  Baneling x3  
  199  22:52  Zergling x2  
  188  23:02  Zergling x34  
  188  23:04  Corruptor x5  
  186  23:14  Brood Lord x5  
  199  23:21  Hatchery, Corruptor  
  194  23:31  Infestor x2  
  194  23:32  Corruptor  
  197  23:51  Brood Lord  
  197  23:55  Corruptor  
  197  24:05  Overseer  
  197  24:09  Zergling x14  
  200  24:10  Zergling x2  
  200  24:12  Zergling x14  
  200  24:14  Zergling x6  
  194  24:24  Corruptor x4  
  194  24:31  Corruptor  
  194  24:32  Corruptor x2  
  195  24:42  Brood Lord  
  195  24:43  Zergling x2  
  195  24:44  Zergling x12  
  195  24:46  Zergling x8  
  195  24:48  Spore Crawler x2  
  195  24:49  Spore Crawler  
  191  24:56  Extractor  
  191  24:59  Zergling x6  
  193  25:03  Overseer x2  
  193  25:14  Overseer  
  193  25:20  Baneling x5  
  193  25:21  Baneling x2  
  182  25:42  Zergling x26  
  185  25:46  Corruptor x7  
  178  25:55  Zergling x12  
  176  26:10  Brood Lord x7  
  188  26:16  Baneling x4  
  188  26:17  Baneling x3  
  188  26:18  Corruptor x3  
  188  26:19  Corruptor x2  
  188  26:22  Brood Lord  
  200  26:26  Infestor  
  200  26:38  Drone x19  
  200  26:39  Zergling x2  
  195  26:40  Zergling x16  
  195  26:42  Zergling x6  
  199  26:53  Hatchery  
  199  26:54  Infestor  
  198  27:00  Baneling x4  
  198  27:01  Baneling x2  
  199  27:30  Extractor  
  199  27:33  Extractor  
  197  27:41  Infestor  
  198  28:01  Overlord x2  
  198  28:02  Overlord  
  198  28:03  Overlord  
  198  28:07  Overlord  
  198  28:12  Overlord  
  198  28:13  Overlord  
  198  28:17  Overlord  
  198  28:18  Overlord  
  197  28:23  Brood Lord x3  
  195  28:27  Zergling x2  
  195  28:28  Zergling x10  
  200  28:37  Overseer  
  200  28:39  Overseer  
  200  28:42  Baneling x4  
  199  28:56  Zergling x2  
  199  29:16  Overseer  
  197  29:21  Infestor x3  
  196  29:40  Hatchery  
  196  29:42  Corruptor x3  
  196  29:44  Corruptor  
  190  30:00  Brood Lord x2  
  190  30:01  Corruptor x2  
  190  30:02  Corruptor x2  
  200  30:11  Overseer x2  
  200  30:14  Hatchery  
  181  30:16  Zergling x16  
  180  30:26  Hydralisk  
  177  30:30  Infestor  
  177  30:34  Brood Lord, Corruptor  
  177  30:35  Hatchery, Corruptor  
  180  30:38  Baneling x3, Hydralisk x2  
  180  30:41  Extractor  
  182  30:43  Extractor  
  182  30:46  Queen x2  
  182  30:48  Baneling x2, Zergling x2  
  186  30:51  Zergling x4  
  186  30:53  Lurker  
  189  30:58  Zergling x2  
  190  31:08  Lurker x2  
  190  31:13  Infestor  
  190  31:15  Zergling x8  
  182  31:29  Zergling x10  
  187  31:44  Zergling x10  
  170  31:49  Zergling x4  
  170  31:52  Zergling x2  
  150  31:57  Zergling x4  
  137  32:03  Zergling x4  
  129  32:09  Zergling x4  
  129  32:14  Zergling x2  
  115  32:40  Zergling x12  
  121  33:05  Brood Lord  
  123  33:06  Zergling x8  
  127  33:14  Baneling x5  
  127  33:31  Brood Lord  
  130  33:34  Zergling x8  
  130  33:40  Baneling x2, Zergling x2  
  134  33:48  Zergling x2  
  134  33:49  Zergling x4  
  136  34:12  Brood Lord  
  138  34:28  Overseer x5  
  134  34:43  Hatchery  
  120  35:01  Zergling x2  
  121  35:18  Zergling x4  
Tags
 
Add a new tag
Caveats
  • Supply blocks, unpowered buildings, or Contaminate may cause inaccurate times.
  • Supply counts are checked every 10 seconds.